 Dungeon Crawl Stone Soup version 0.28-a0-998-gb9e9c7b67e (webtiles) character file.

Game seed: 10473544213214906128

1850 ytrimaz the Insei (level 9, -8/70 HPs)
             Began as an Octopode Transmuter on Dec 5, 2021.
             Was an Elder of Okawaru.
             Shot with a sling bullet by Joseph (19 damage)
             ... on level 7 of the Dungeon.
             The game lasted 00:09:36 (8420 turns).

ytrimaz the Insei (Octopode Transmuter)             Turns: 8420, Time: 00:09:37

Health: -8/70      AC:  7    Str: 10    XL:     9   Next: 12%
Magic:  1/16       EV: 10    Int: 25    God:    Okawaru [****..]
Gold:   249        SH:  0    Dex: 12    Spells: 9/17 levels left

rFire   x . .      SeeInvis .     - Unarmed
rCold   + + +      Faith    .   (shield currently unavailable)
rNeg    . . .      Spirit   .   (helmet currently unavailable)
rPois   +          Reflect  .   (no amulet)
rElec   .          Harm     .   a - +4 ring of slaying
rCorr   .          Rampage  .   k - ring of wizardry
Will    .....                   d - +6 ring of intelligence
Stlth   +.........              (no ring)
HPRegen 0.21/turn               (no ring)
MPRegen 0.15/turn               (no ring)
                                (no ring)
                                (no ring)

@: ice-form, very slightly contaminated
A: freezing attack, boosted hp, almost no armour, amphibious, 8 rings, large,
(camouflage 1), (gelatinous body 1), (nimble swimmer 1), (tentacles)
a: End Transformation, Renounce Religion, Heroism, Finesse


You were on level 7 of the Dungeon.
You worshipped Okawaru.
Okawaru was greatly pleased with you.
You were a creature of crystalline ice.
You visited 1 branch of the dungeon, and saw 7 of its levels.

You collected 249 gold pieces.

Inventory:

Jewellery
 a - a +4 ring of slaying (left front paw)
 d - a +6 ring of intelligence (on tentacle)
 k - a ring of wizardry (right front paw)
 o - an amulet of magic regeneration
Wands
 l - a wand of polymorph (9)
Scrolls
 c - 2 scrolls of fear
 j - 2 scrolls of teleportation
 n - a scroll of brand weapon
Potions
 b - 2 potions of flight
 e - 2 potions of mutation
 f - 3 potions of haste
 g - a potion of attraction {unknown}
 h - a potion of magic {unknown}
 m - a potion of heal wounds {unknown}


   Skills:
 * Level 4.7 Fighting
 - Level 2.0 Dodging
 + Level 7.1 Unarmed Combat
 + Level 4.9 Spellcasting
 + Level 4.9 Transmutations
 - Level 0.6 Ice Magic
 * Level 4.8 Invocations


You had 9 spell levels left.
You knew the following spells:

 Your Spells              Type           Power      Damage    Failure   Level
a - Beastly Appendage     Tmut           62%        N/A       1%          1
b - Spider Form           Tmut/Pois      18%        N/A       3%          3
c - Ice Form              Ice/Tmut       20%        N/A       11%         4

Your spell library contained the following spells:

 Spells                   Type           Power      Damage    Failure   Level
 Passwall                 Tmut/Erth      15%        N/A       1%          2
 Wereblood                Tmut           31%        N/A       1%          2
 Sandblast                Erth           12%        2d6       3%          1
 Stone Arrow              Conj/Erth      12%        3d7       11%         3
 Storm Form               Tmut/Air       9%         N/A       100%        7
 Lehudib's Crystal Spear  Conj/Erth      3%         10d2      100%        8
 Maxwell's Capacitive Co  Air            3%         ∞         100%        8
 Animate Armour           Summ/Erth      Unusable   N/A       N/A         4
 Summon Lightning Spire   Summ/Air       Unusable   N/A       N/A         4

Dungeon Overview and Level Annotations

Branches:
Dungeon (7/15)
 Temple: D:4-7

Altars:
Ashenzari
Gozag
Hepliaklqana
Kikubaaqudgha
Okawaru
Ru
Vehumet
Xom

Shops:
D:1 *   D:6 [

Annotations:
D:7 Joseph


Innate Abilities, Weirdness & Mutations

You are a creature of crystalline ice.
You have a powerful freezing melee attack.
Your maximum health is increased.
Your armour is entirely melded.
You are incapable of wielding weapons or throwing items.
You cannot wear most types of armour.
You are amphibious.
You can wear up to eight rings at the same time.
((Your skin changes colour to match your surroundings (Stealth+).))
((Your rubbery body absorbs attacks. (AC +1, EV +1)))
((You are camouflaged near water. (Stealth+)))
((You have tentacles for arms and can constrict up to eight enemies at once.))


Message History

a +0 club; a gnoll corpse
Things that are here:
a +0 spear; a gnoll corpse Your transformation is almost over.
You warm up again.
You now have 241 gold pieces (gained 12).
You see here a staff of death.
Key pressed, stopping explore.
You now have 249 gold pieces (gained 8).
Joseph is nearby!
Joseph is nearby!
Casting: Ice Form (dangerous; 11% risk of failure)
Confirm with . or Enter, or press ? or * to list all spells.
You miscast Ice Form.
You are very lightly contaminated with residual magic.
Nothing appears to happen.
Joseph shouts!
Joseph shoots a sling bullet.
The sling bullet hits you!!
Casting: Ice Form (dangerous; 11% risk of failure)
Confirm with . or Enter, or press ? or * to list all spells.
You miscast Ice Form.
Your body is twisted painfully.
Unknown command.
Casting: Ice Form (dangerous; 11% risk of failure)
Confirm with . or Enter, or press ? or * to list all spells.
You miscast Ice Form.
You are lightly contaminated with residual magic.
Nothing appears to happen.
Joseph shoots a sling bullet.
The sling bullet hits you!
Unknown command.
Casting: Ice Form (dangerous; 11% risk of failure)
Confirm with . or Enter, or press ? or * to list all spells.
You turn into a creature of crystalline ice.
Joseph shoots a sling bullet.
The sling bullet hits you!!
* * * LOW HITPOINT WARNING * * *
Unknown command.
You feel better.
Joseph shoots a sling bullet.
The sling bullet hits you!
* * * LOW HITPOINT WARNING * * *
Unknown command.
You feel better.
Joseph shoots a sling bullet.
The sling bullet hits you!!
You die...

##.#..###.....# ##.#..#
#.....##.#
......####+#####.##
##................#
##.#..............#
##.##.####.##..#..# ###.
..................#..@..
##.##.###............##.
##..............Y.......
...)...##.........#.#.#.
.#)##..##..##.........
...##..##..##.....#.##
......................
...###.######.....#.##.
##.# #.# #.....#.# .
....... ......... .....
........


You could see Joseph.

Vanquished Creatures
  2 ice beasts
  3 ogres
  A sky beast (D:7)
  A necrophage (D:7)
  A kobold brigand (D:6)
  3 scorpions
  A water moccasin zombie (D:5)
  A howler monkey (D:6)
  4 wights (D:7)
  4 hounds
  4 jellies (D:6)
  2 bullfrog skeletons
  An orc priest (D:5)
  3 iguanas
  4 orc wizards
  7 gnolls
  5 river rats (D:3)
  3 adders
  A shadow imp (D:7)
  A white imp (D:6)
  2 ufetubi
  A worm (D:2)
  A dart slug (D:3)
  6 orcs
  4 endoplasms
  5 giant cockroaches
  11 goblins
  8 hobgoblins
  2 jackals (D:2)
  8 quokkas
  5 ball pythons
  2 bats (D:2)
  5 frilled lizards
  9 kobolds
  5 rats
126 creatures vanquished.

Notes
Turn   | Place    | Note
-------+----------+-------------------------------------------
     0 | D:1      | ytrimaz the Octopode Transmuter began the quest for the
                  | Orb.
     0 | D:1      | Reached XP level 1. HP: 13/13 MP: 3/3
     3 | D:1      | Noticed an electric eel
     4 | D:1      | Noticed an electric eel
   146 | D:1      | Found Safaemn's General Store.
   210 | D:1      | Reached XP level 2. HP: 1/18 MP: 5/5
  1570 | D:2      | Reached XP level 3. HP: 22/23 MP: 6/6
  1715 | D:2      | Found a faded altar of an unknown god.
  1725 | D:2      | Prayed at the altar of an unknown god.
  1725 | D:2      | Became a worshipper of Warmaster Okawaru
  1725 | D:2      | Reached * piety under Okawaru
  1820 | D:2      | Found a sacrificial altar of Ru.
  2427 | D:2      | Reached XP level 4. HP: 20/29 MP: 5/7
  2924 | D:3      | Found an ancient bone altar of Kikubaaqudgha.
  2961 | D:3      | Learned a level 3 spell: Spider Form
  3117 | D:3      | Reached skill level 1 in Invocations
  3649 | D:3      | Reached skill level 4 in Unarmed Combat
  3649 | D:3      | Reached XP level 5. HP: 32/34 MP: 7/9
  3926 | D:4      | Noticed an ogre
  3927 | D:4      | Found an opulent altar of Gozag.
  3952 | D:4      | Killed an ogre
  3953 | D:4      | Reached XP level 6. HP: 18/41 MP: 7/10
  4405 | D:4      | Reached ** piety under Okawaru
  4412 | D:4      | Learned a level 4 spell: Ice Form
  4801 | D:5      | Entered Level 5 of the Dungeon
  4825 | D:5      | Noticed an ice beast
  4833 | D:5      | Killed an ice beast
  4884 | D:5      | Reached skill level 5 in Unarmed Combat
  4884 | D:5      | Reached XP level 7. HP: 46/46 MP: 6/12
  5016 | D:5      | Identified the +10 hand axe "Heseusad" {pain, Dex+3}
  6294 | D:6      | Reached XP level 8. HP: 18/53 MP: 5/14
  6582 | D:6      | Reached skill level 6 in Unarmed Combat
  6659 | D:6      | Reached *** piety under Okawaru
  7078 | D:6      | Found a shimmering altar of Xom.
  7099 | D:6      | Identified the +2 pair of gloves of Infinity {rN+}
  7430 | D:6      | Found Rushrygro's Armour Emporium.
  7440 | D:6      | Found a radiant altar of Vehumet.
  7441 | D:6      | Found a broken altar of Ashenzari.
  7443 | D:6      | Found a hazy altar of Hepliaklqana.
  7834 | D:7      | Noticed Joseph
  8139 | D:7      | Reached XP level 9. HP: 53/59 MP: 16/16
  8190 | D:7      | Reached **** piety under Okawaru
  8232 | D:7      | Reached skill level 7 in Unarmed Combat
  8420 | D:7      | Shot with a sling bullet by Joseph

Illustrated notes

Levels and vault maps discovered:
D:1:      arrival_aquarium_b, layout_basic, serial_shops,
          nicolae_shop_statue_plus, corner_web_ring
D:2:      layout_basic, basic_altar, shapermc_ecumenical_altar_pompeii
D:3:      layout_basic, nicolae_kikubaaqudgha_miasma_corner,
          lightli_sewer_entry_pipes
D:4:      layout_cave_pools, mainiacjoe_overflow_small_starburst
D:5:      layout_loops_cross
D:6:      layout_gridville, dk_xom_monty_hall, grunt_temple_overflow_open,
          serial_shops, shop, hangedman_decor_riveting
D:7:      layout_basic, minmay_temple_entry_glassed_door, uniq_joseph

Skill      XL: |  1  2  3  4  5  6  7  8  9 |
---------------+----------------------------+-----
Invocations    | 1 2 3 4 |  4.8
Fighting       | 2 3 4 |  4.7
Unarmed Combat | 4 5 6 7 |  7.1
Spellcasting   | 3 4 |  4.9
Transmutations | 3 4 |  4.9
Dodging        | |  2.0
Ice Magic      | |  0.6

Action                   |  1- 3 |  4- 6 |  7- 9 || total
-------------------------+-------+-------+-------++-------
Melee: Unarmed           |    83 |    78 |   111 ||   272
       Constrict         |    25 |    20 |    16 ||    61
       Kick              |    10 |    13 |    16 ||    39
       Tentacles         |    13 |    11 |    11 ||    35
       Punch             |     3 |     1 |     1 ||     5
 Cast: Beastly Appendage |    23 |    14 |    14 ||    51
       Ice Form          |       |     1 |    11 ||    12
       Spider Form       |       |     1 |     2 ||     3
Invok: Heroism           |       |     1 |     1 ||     2
  Use: Scroll            |     3 |     7 |     1 ||    11
       Potion            |       |     2 |     2 ||     4
 Stab: Sleeping          |     8 |     6 |     4 ||    18
Armor: Skin              |     4 |     3 |    21 ||    28
Dodge: Dodged            |    33 |    45 |    54 ||   132

Table legend: (Time is in decaauts)
 A = Elapsed time spent in this place.
 B = Non-inter-level travel time spent in this place.
 C = Inter-level travel time spent in this place.
 D = Time resting spent in this place.
 E = Time spent auto-exploring this place.
 F = Levels seen in this place.
 G = Mean time per level.
                   A        B        C        D        E       F      G
               +--------+--------+--------+--------+--------+-----+--------+
         Total |   8395 |   8139 |    256 |   1194 |   5529 |   7 | 1199.3 |
       Dungeon |   8395 |   8139 |    256 |   1194 |   5529 |   7 | 1199.3 |
               +--------+--------+--------+--------+--------+-----+--------+

Top non-repeatable levels by time:
     D:6: 1687 daAuts
     D:1: 1537 daAuts
     D:2: 1274 daAuts
     D:4: 1217 daAuts
     D:5: 1084 daAuts
     D:3: 1067 daAuts
     D:7: 527 daAuts
